 Dungeon Crawl Stone Soup version 0.27-a0-1378-gdefffd1ff6 (webtiles) character file.

Game seed: 7007037239049403543

23 Tocho the Chopper (level 2, 0/27 HPs)
             Began as a Hill Orc Monk on June 29, 2021.
             Succumbed to an adder's poison
             ... on level 2 of the Dungeon.
             The game lasted 00:00:55 (1457 turns).

Tocho the Chopper (Hill Orc Monk)                   Turns: 1457, Time: 00:00:55

Health: 0/27       AC:  3    Str: 13    XL:     2   Next: 95%
Magic:  2/2        EV: 12    Int: 10    God:
Gold:   59         SH:  0    Dex: 13    Spells: 1/1 levels left

rFire    . . .     SeeInvis .   a - +0 hand axe
rCold    . . .     Faith    .   (no shield)
rNeg     . . .     Spirit   .   c - +0 leather armour
rPois    .         Reflect  .   (no helmet)
rElec    .         Harm     .   (no cloak)
rCorr    .         Rampage  .   (no gloves)
Will     .....                  (no boots)
Stlth    ++........             (no amulet)
HPRegen  0.09/turn              (no ring)
MPRegen  0.08/turn              (no ring)

@: lethally poisoned (0 -> -7)
A: no striking features
a: no special abilities


You were on level 2 of the Dungeon.
You visited 1 branch of the dungeon, and saw 2 of its levels.

You collected 59 gold pieces.

Inventory:

Hand Weapons
 a - a +0 hand axe (weapon)
Armour
 b - a +0 robe
 c - a +0 leather armour (worn)
Scrolls
 f - a scroll of magic mapping {unknown}
Potions
 d - a potion of curing
 e - a potion of attraction
 g - a potion of haste {unknown}


   Skills:
 + Level 4.0 Fighting
 + Level 4.6 Axes
 + Level 2.6 Dodging
 + Level 1.7 Stealth


You had one spell level left.
You didn't know any spells.
Your spell library was empty.

Dungeon Overview and Level Annotations

Branches:
Dungeon (2/15)

Altars:


Message History

You are too injured to fight recklessly!
You are too injured to fight recklessly!
You are too injured to fight recklessly!
You are too injured to fight recklessly!
You are too injured to fight recklessly!
There are monsters nearby!
Unknown command.
You hit the hobgoblin.
The hobgoblin is moderately wounded.
The hobgoblin hits you with a +0 hand axe.
You slash the hobgoblin!
You kill the hobgoblin!
An adder comes into view.
The hobgoblin hits you but does no damage.
Items here: ( ) [ †.
The adder hisses angrily.
You hit the hobgoblin but do no damage.
The hobgoblin hits you but does no damage.
Unknown command.
You hit the hobgoblin but do no damage. The hobgoblin closely misses you.
You closely miss the hobgoblin. The hobgoblin closely misses you.
The hobgoblin hits you.
* * * LOW HITPOINT WARNING * * *
You hit the hobgoblin but do no damage. The hobgoblin closely misses you.
You barely miss the hobgoblin. The hobgoblin hits you.
* * * LOW HITPOINT WARNING * * *
You closely miss the hobgoblin. The hobgoblin misses you.
You hit the hobgoblin.
The hobgoblin is lightly wounded.
The hobgoblin barely misses you.
You hit the hobgoblin.
You kill the hobgoblin!
The adder bites you but does no damage.
You closely miss the adder. The adder bites you but does no damage.
You miss the adder. The adder bites you.
* * * LOW HITPOINT WARNING * * *
You are lethally poisoned!
The adder poisons you!
You closely miss the adder.
You die...

..# #.####### # #.# #.#
#. #.########.# ### #..
#.#.†......#####.>
#.#..##.#.##.#.........#
..........#.###.########
#.#........# ##.#
#..##.#.#.# ## #.
#@#.##.# # #S#.# #.#
#.#.# ## ..#.# ....#
#..# #..# ....


You could see an adder.

Vanquished Creatures
  A bat (D:1)
  3 endoplasms (D:1)
  A giant cockroach (D:1)
  3 goblins
  3 hobgoblins
  2 kobolds (D:1)
  5 ball pythons
  A frilled lizard (D:1)
  A rat (D:1)
20 creatures vanquished.

Notes
Turn   | Place    | Note
-------+----------+-------------------------------------------
     0 | D:1      | Tocho the Hill Orc Monk began the quest for the Orb.
     0 | D:1      | Reached XP level 1. HP: 19/19 MP: 1/1
   319 | D:1      | Reached XP level 2. HP: 17/27 MP: 2/2
   475 | D:1      | Noticed an eye of devastation
   476 | D:1      | Found a faded altar of an unknown god.
   480 | D:1      | Noticed a great orb of eyes
   480 | D:1      | Noticed a golden eye
   480 | D:1      | Noticed an eye of devastation
  1457 | D:2      | Succumbed to an adder's poison

Illustrated notes

Levels and vault maps discovered:
D:1:      lemuel_arrival_funnel, layout_loops_corners,
          hellmonk_ecumenical_altar_watching_god, minmay_tromino_v7
D:2:      layout_loops_ring, uniq_sigmund

Skill      XL: |  1  2 |
---------------+-------+-----
Fighting       | 4 |  4.0
Axes           | |  4.6
Dodging        | |  2.6
Stealth        | |  1.7

Action                   || total
-------------------------++-------
Melee: Hand axe          ||    72
  Use: Scroll            ||     2
 Stab: Sleeping          ||     3
Armor: Robe              ||     7
       Leather armour    ||     4
Dodge: Dodged            ||    40

Table legend: (Time is in decaauts)
 A = Elapsed time spent in this place.
 B = Non-inter-level travel time spent in this place.
 C = Inter-level travel time spent in this place.
 D = Time resting spent in this place.
 E = Time spent auto-exploring this place.
 F = Levels seen in this place.
 G = Mean time per level.
                   A        B        C        D        E       F      G
               +--------+--------+--------+--------+--------+-----+--------+
         Total |   1462 |   1426 |     36 |      0 |   1254 |   2 |  731.0 |
       Dungeon |   1462 |   1426 |     36 |      0 |   1254 |   2 |  731.0 |
               +--------+--------+--------+--------+--------+-----+--------+

Top non-repeatable levels by time:
     D:1: 1350 daAuts
     D:2: 112 daAuts
